AoeStats
← byseferoglu

Arena

509756390Analyzed
3v3 RM · 5d ago on Sep 27, 2026· 52m 30s· 6 players
Game mode
Random Map
Map size
Normal (6 player)
Population
200
Speed
Normal
Resources
Standard
Victory
Conquest
Starting age
Dark Age
Ending age
Imperial Age
RankedLock teamsTeams togetherTeam positionsShared explorationLock speedFull tech treeHidden civsTurbo modeCheats
Victory
Defeat
🇹🇷 Japanese · Türkiye
864
+5
🇹🇷 Magyars · Türkiye
838
+5
🇹🇷 Turks · Türkiye
815
+7
🇧🇷 Khmer · Brazil
728
-9
🇺🇸 Saxons · United States
459
-3
🇦🇷 Britons · Argentina
312
-2
Σ(Bug Bonny) != NULL
11:53 Feudal Age
15:19 Wheelbarrow
17:06 Horse Collar
18:53 Double-Bit Axe
20:05 Stone Mining
28:37 Castle Age
26:34 Gold Mining
26:49 Man-at-Arms
27:15 Arson
29:55 Hand Cart
29:37 Gambesons
29:13 Long Swordsman
29:13 Pikeman
29:54 Squires
29:16 Crossbowman
30:34 Bow Saw
31:14 Heavy Plow
32:12 Gold Shaft Mining
31:57 Treadmill Crane
32:15 Murder Holes
32:37 Fortified Wall
36:41 Masonry
39:25 Imperial Age
39:06 Ballistics
40:43 Architecture
41:18 Chemistry
40:27 Siege Engineers
43:04 Two-Man Saw
42:16 Arbalester
ruskihitman1
13:07 Feudal Age
13:35 Horse Collar
13:57 Stone Mining
14:04 Gold Mining
15:01 Wheelbarrow
20:37 Castle Age
22:30 Hand Cart
23:13 Town Watch
29:57 Heavy Plow
31:07 Caravan
31:02 Double-Bit Axe
33:46 Bow Saw
37:26 Town Patrol
39:57 Imperial Age
37:13 Loom
37:27 Arson
37:04 Pikeman
37:45 Squires
37:31 Gambesons
37:08 Man-at-Arms
40:06 Elite Varangian Guard
Diego-NA
11:01 Feudal Age
11:06 Loom
12:49 Wheelbarrow
12:08 Double-Bit Axe
12:07 Horse Collar
20:44 Castle Age
19:48 Stone Mining
19:49 Gold Mining
22:25 Castle Age
25:52 Scale Barding Armor
25:48 Scale Mail Armor
25:59 Forging
27:02 Bow Saw
28:16 Heavy Plow
29:45 Chain Barding Armor
33:20 Chain Mail Armor
36:08 Imperial Age
34:20 Fortified Wall
34:16 Elite Skirmisher
39:01 Gold Shaft Mining
39:58 Chemistry
38:50 Heated Shot
39:05 Padded Archer Armor
39:14 Pikeman
40:39 Caravan
40:03 Halberdier
41:44 Conscription
41:26 Tusk Swords
42:20 Man-at-Arms
43:01 Capped Ram
47:08 Fletching
49:14 Plate Barding Armor
Recepkara53
0:35 Loom
11:57 Feudal Age
13:26 Horse Collar
13:33 Double-Bit Axe
14:44 Gold Mining
21:22 Castle Age
21:22 Stone Mining
24:29 Gold Shaft Mining
26:37 Wheelbarrow
28:56 Hand Cart
33:12 Imperial Age
34:37 Kataparuto
34:26 Elite Samurai
36:40 Bow Saw
36:33 Heavy Plow
Mertcan53
0:50 Loom
12:55 Feudal Age
14:45 Wheelbarrow
14:03 Double-Bit Axe
14:01 Horse Collar
20:32 Castle Age
18:56 Stone Mining
19:10 Gold Mining
21:46 Hand Cart
21:42 Heavy Plow
21:56 Bow Saw
21:53 Scale Mail Armor
31:21 Imperial Age
29:19 Scale Barding Armor
29:15 Padded Archer Armor
29:06 Fletching
29:10 Heated Shot
31:29 Gold Shaft Mining
31:18 Chain Barding Armor
31:14 Leather Archer Armor
31:14 Chain Mail Armor
32:11 Ballistics
31:47 Murder Holes
32:39 Crop Rotation
33:40 Two-Man Saw
33:16 Corvinian Army
32:45 Elite Skirmisher
37:47 Chemistry
39:29 Plate Barding Armor
38:21 Elite Magyar Huszar
42:25 Ring Archer Armor
41:53 Bodkin Arrow
43:55 Recurve Bow
43:39 Capped Ram
46:44 Bracer
52:03 Spies/Treason
byseferoglu
11:30 Feudal Age
13:28 Double-Bit Axe
13:27 Horse Collar
14:31 Wheelbarrow
15:36 Gold Mining
24:44 Castle Age
23:31 Gold Mining
23:31 Stone Mining
24:59 Padded Archer Armor
24:49 Fletching
25:03 Scale Mail Armor
25:13 Forging
25:44 Hand Cart
25:52 Bow Saw
25:45 Heavy Plow
31:29 Gold Shaft Mining
39:09 Imperial Age
39:37 Elite Janissary
40:56 Hoardings
41:02 Iron Casting
40:42 Chain Mail Armor
40:44 Leather Archer Armor
40:24 Bodkin Arrow
45:42 Two-Man Saw
Connection lost

Rejoining the realm…

Still unreachable

The connection could not be restored.

Session expired

The server has moved on; the page needs a fresh start.